 Dungeon Crawl Stone Soup version 0.30-a0-329-g85436e0a43 (webtiles) character file.

Game seed: 14611032607003662772

436 Lobster4 the Caller (level 7, -1/40 HPs)
             Began as a Tengu Summoner on Oct 28, 2022.
             Was an Initiate of Sif Muna.
             Shot with an arrow by a centaur (8 damage)
             ... on level 6 of the Dungeon.
             The game lasted 00:13:55 (4853 turns).

Lobster4 the Caller (Tengu Summoner)                Turns: 4853, Time: 00:13:55

Health: -1/40      AC:  2    Str:  8    XL:     7   Next: 1%
Magic:  8/12       EV: 15    Int: 17    God:    Sif Muna [......]
Gold:   280        SH:  0    Dex: 15    Spells: 9/12 levels left

rFire   . . .      SeeInvis .    x - +0 trident
rCold   . . .      Faith    .    (no shield)
rNeg    . . .      Spirit   .    c - +0 robe
rPois   .          Reflect  .    (helmet restricted)
rElec   .          Harm     .    (no cloak)
rCorr   .          Rampage  .    (no gloves)
Will    +....                    (boots unavailable)
Stlth   ++........               (no amulet)
HPRegen 0.26/turn                p - ring of willpower
MPRegen 0.13/turn                (no ring)

@: flying quickly and evasively, quick
A: beak, talons 3, nimble flight
a: Renounce Religion


You were on level 6 of the Dungeon.
You worshipped Sif Muna.
Sif Muna was noncommittal.
You visited 2 branches of the dungeon, and saw 7 of its levels.

You collected 280 gold pieces.

Inventory:

Hand Weapons
 a - a +0 spear
 d - a +0 mace
 g - a +0 quarterstaff
 r - a +0 rapier
 t - a +0 morningstar
 x - a +0 trident (weapon)
 y - a +0 shortbow
Missiles
 j - 11 poisoned darts (quivered)
 B - a throwing net
Armour
 c - a +0 robe (worn)
 e - a +0 ring mail
Jewellery
 o - an amulet of guardian spirit
 p - a ring of willpower (left hand)
Wands
 v - a wand of polymorph (10)
 z - a wand of roots (9)
 C - a wand of mindburst (11)
Scrolls
 i - a scroll of immolation {unknown}
 m - a scroll of magic mapping {unknown}
 n - a scroll of identify
 u - a scroll of silence {unknown}
 w - a scroll of enchant armour {unknown}
 D - a scroll of enchant weapon {unknown}
 E - a scroll of amnesia {unknown}
Potions
 b - a potion of magic
 h - a potion of ambrosia {unknown}
 k - a potion of mutation {unknown}
 l - a potion of attraction {unknown}
 q - 3 potions of curing {unknown}
 s - a potion of brilliance


   Skills:
 + Level 2.2 Fighting
 - Level 1.0 Polearms
 - Level 1.0 Throwing
 + Level 2.6 Armour
 - Level 3.0 Dodging
 - Level 2.0 Stealth
 + Level 3.0 Spellcasting
 * Level 6.7 Summonings
 + Level 1.4 Invocations
 + Level 1.1 Evocations


You had 9 spell levels left.
You knew the following spells:

 Your Spells              Type           Power      Damage    Failure   Level
a - Summon Small Mammal   Summ           100%       N/A       1%          1
b - Call Imp              Summ           25%        N/A       1%          2

Your spell library contained the following spells:

 Spells                   Type           Power      Damage    Failure   Level
 Call Canine Familiar     Summ           25%        N/A       3%          3
 Summon Guardian Golem    Hex/Summ       14%        N/A       13%         3
 Blink                    Tloc           4%         N/A       26%         2
 Momentum Strike          Conj/Tloc      4%         3d8       26%         2
 Summon Lightning Spire   Summ/Air       14%        N/A       41%         4
 Gell's Gravitas          Tloc           2%         N/A       45%         3
 Lesser Beckoning         Tloc           4%         N/A       45%         3
 Teleport Other           Tloc           2%         N/A       45%         3
 Manifold Assault         Tloc           2%         N/A       86%         4
 Storm Form               Tmut/Air       1%         N/A       100%        7


Dungeon Overview and Level Annotations

Branches:
Dungeon (6/15)             Temple (1/1) D:4

Altars:
Dithmenos
Elyvilon
Makhleb
Okawaru
Qazlal
Ru
Sif Muna
Trog
Uskayaw
Vehumet
Wu Jian
Xom
The Shining One


Innate Abilities, Weirdness & Mutations

You have a beak for a mouth.
You have claws for feet.
Your magical nature lets you fly swiftly and evasively.


Message History

The centaur kicks you but does no damage.
The shadow imp hits you but does no damage.
The centaur hits you but does no damage.
The centaur kicks you but does no damage.
You hit the centaur.
The centaur is almost dead.
You feel less wooden.
Your +0 robe unmelds from your body.
The centaur closely misses you. x2
The shadow imp closely misses you. The centaur closely misses you. x2
Okay, then.
Casting: Summon Small Mammal (safe; 1% risk of failure)
Confirm with . or Enter, or press ? or * to list all spells.
A beastly little devil appears in a puff of flame.
The centaur hits you.
* * * LOW HITPOINT WARNING * * *
The centaur kicks you but does no damage.
The shadow imp barely misses you.
Unknown command.
Casting: Call Imp (safe; 1% risk of failure)
Confirm with . or Enter, or press ? or * to list all spells.
The centaur misses you. x2; The shadow imp barely misses you.
The centaur barely misses you.
The centaur kicks you but does no damage.
Unknown command.
The centaur wields a +0 shortbow.
The centaur shoots an arrow.
The arrow hits your crimson imp.
Casting: Summon Small Mammal (safe; 1% risk of failure)
Confirm with . or Enter, or press ? or * to list all spells.
Your rat barely misses the centaur.
Your crimson imp hits the centaur but does no damage.
The centaur shoots an arrow.
The arrow barely misses your crimson imp.
The arrow barely misses you. The shadow imp hits you.
* * * LOW HITPOINT WARNING * * *
Unknown command.
You hit the shadow imp but do no damage.
The centaur shoots an arrow.
The arrow barely misses your crimson imp.
The arrow hits you!
You die...

#...............#
#..............##
##......>......#
#............##
##...........#
##........#.#####
#........#.....#
#......######r#
#....#.....@5##
#..#..##.##5c#
#.. #.. ##c###
#.#. #.r.#
...#:#...#..# #.#
..#ยง#.#.## #.
..c##.. # # #.#
... ... ..##


You could see 2 centaurs, a shadow imp (ally target), a friendly crimson imp
(summoned), a friendly quokka (summoned) and a friendly rat (summoned).

Vanquished Creatures
  An ogre (D:4)
  An iguana (D:5)
  A gnoll (D:4)
  5 adders
  An ufetubus (D:5)
  2 orcs (D:5)
  2 endoplasms
  2 giant cockroaches
  2 goblins
  2 hobgoblins
  9 jackals
  A kobold (D:2)
  A ball python (D:1)
  2 rats (D:1)
32 creatures vanquished.

Vanquished Creatures (collateral kills)
  An ogre (D:5)
  2 jellies
  An iguana (D:5)
  2 gnolls (D:4)
  An adder (D:2)
  A worm (D:2)
  A dart slug (D:4)
  An orc (D:5)
  4 endoplasms
  A giant cockroach (D:1)
  3 goblins
  A hobgoblin (D:2)
  6 jackals
  5 ball pythons
  A bat (D:3)
  A frilled lizard (D:1)
  2 kobolds
  4 rats (D:2)
38 creatures vanquished.

Grand Total: 70 creatures vanquished

Notes
Turn   | Place    | Note
-------+----------+-------------------------------------------
     0 | D:1      | Lobster4 the Tengu Summoner began the quest for the Orb.
     0 | D:1      | Reached XP level 1. HP: 10/10 MP: 4/4
    67 | D:1      | Reached skill level 5 in Summonings
    71 | D:1      | Reached XP level 2. HP: 5/15 MP: 4/6
   132 | D:1      | Learned a level 2 spell: Call Imp
   570 | D:2      | Found a hide-covered altar of Uskayaw.
   808 | D:2      | Reached XP level 3. HP: 20/20 MP: 2/7
   817 | D:2      | Reached skill level 1 in Polearms
  1061 | D:2      | Reached skill level 1 in Fighting
  1184 | D:2      | Reached skill level 1 in Armour
  1184 | D:2      | Reached XP level 4. HP: 23/25 MP: 4/8
  2325 | D:4      | Found a staircase to the Ecumenical Temple.
  2335 | Temple   | Entered the Ecumenical Temple
  2490 | Temple   | Became a worshipper of Sif Muna the Loreminder
  2852 | D:4      | Noticed an ogre
  2901 | D:4      | Killed an ogre
  2902 | D:4      | Gained mutation: Your magical nature lets you fly swiftly
                  | and evasively. [Tengu growth]
  2902 | D:4      | Reached XP level 5. HP: 29/29 MP: 7/9
  2974 | D:4      | Reached skill level 6 in Summonings
  3044 | D:4      | Reached skill level 1 in Throwing
  3616 | D:5      | Entered Level 5 of the Dungeon
  3649 | D:5      | Found a white marble altar of Elyvilon.
  3702 | D:5      | Reached skill level 1 in Invocations
  3702 | D:5      | Reached XP level 6. HP: 35/35 MP: 6/11
  4083 | D:5      | Found a radiant altar of Vehumet.
  4270 | D:5      | Found an ornate altar of the Wu Jian Council.
  4275 | D:5      | Found a glowing golden altar of the Shining One.
  4373 | D:5      | Reached skill level 1 in Evocations
  4697 | D:6      | Reached XP level 7. HP: 40/40 MP: 7/12
  4853 | D:6      | Shot with an arrow by a centaur

Illustrated notes

Levels and vault maps discovered:
D:1:      lightli_arrival_farm, layout_basic
D:2:      layout_basic, basic_altar
D:3:      layout_basic
D:4:      layout_basic, minmay_temple_entry_mini_moons
D:5:      layout_basic, elyvilon_altar_5, kennysheep_mini_moat,
          nicolae_overflow_hidden_temple
D:6:      minmay_inner_zag, layout_cave_pods, fedhas_altar_decomposition,
          serial_shops, shop, shop, nicolae_shop_crystal,
          chequers_ossuary_entry_cave, minmay_manual_mares
Temple:   hellmonk_temple_forest_ring

Skill      XL: |  1  2  3  4  5  6 |
---------------+-------------------+-----
Summonings     | 5 6 |  6.7
Polearms       | 1 |  1.0
Fighting       | 1 2 |  2.2
Armour         | 1 2 |  2.6
Dodging        | 3 |  3.0
Throwing       | 1 |  1.0
Invocations    | 1 |  1.4
Spellcasting   | 3 |  3.0
Evocations     | 1 |  1.1
Stealth        | |  2.0

Action                   |  1- 3 |  4- 6 |  7- 9 || total
-------------------------+-------+-------+-------++-------
Melee: Spear             |    44 |    13 |       ||    57
       Kick              |     8 |    11 |     1 ||    20
       Peck              |     4 |    11 |       ||    15
       Punch             |     1 |       |       ||     1
       Trident           |       |    49 |    16 ||    65
Throw: Dart              |       |     6 |       ||     6
       Throwing net      |       |     1 |       ||     1
 Cast: Summon Small Mamm |    27 |    56 |     4 ||    87
       Call Imp          |    10 |    19 |     2 ||    31
Evoke: Wand              |       |     2 |       ||     2
  Use: Scroll            |     2 |     1 |       ||     3
       Potion            |     2 |       |     1 ||     3
 Stab: Sleeping          |     1 |       |       ||     1
       Distracted        |       |     1 |       ||     1
Armor: Robe              |     9 |     4 |     4 ||    17
       Skin              |       |       |    56 ||    56
Dodge: Dodged            |    62 |    53 |    25 ||   140

Table legend: (Time is in decaauts)
 A = Elapsed time spent in this place.
 B = Non-inter-level travel time spent in this place.
 C = Inter-level travel time spent in this place.
 D = Time resting spent in this place.
 E = Time spent auto-exploring this place.
 F = Levels seen in this place.
 G = Mean time per level.
                   A        B        C        D        E       F      G
               +--------+--------+--------+--------+--------+-----+--------+
         Total |   4756 |   4499 |    257 |    176 |   3451 |   7 |  679.4 |
       Dungeon |   4582 |   4343 |    239 |    176 |   3319 |   6 |  763.7 |
        Temple |    174 |    156 |     18 |      0 |    132 |   1 |  174.0 |
               +--------+--------+--------+--------+--------+-----+--------+

Top non-repeatable levels by time:
     D:4: 1145 daAuts
     D:5: 966 daAuts
     D:3: 909 daAuts
     D:2: 829 daAuts
     D:1: 557 daAuts
  Temple: 174 daAuts
     D:6: 174 daAuts
